 Dungeon Crawl Stone Soup version 0.29.1-1-gd02db6906a (webtiles) character file.

Game seed: 16376509386089412070

4796 avis the Cleaver (level 10, -19/93 HPs)
             Began as a Hill Orc Monk on Sept 28, 2022.
             Was a High Priest of Beogh.
             Demolished by a great orb of eyes simulacrum (27 damage)
             ... in an ice cave.
             The game lasted 00:57:01 (9366 turns).

avis the Cleaver (Hill Orc Monk)                    Turns: 9366, Time: 00:57:02

Health: -19/93     AC:  8    Str: 19    XL:     10   Next: 48%
Magic:  14/14      EV: 16    Int: 10    God:    Beogh [*****.]
Gold:   604        SH:  5    Dex: 13    Spells: 9/9 levels left

rFire   . . .      SeeInvis .   a - +2 war axe (freeze)
rCold   . . .      Faith    .   K - +0 buckler
rNeg    . . .      Spirit   .   J - +0 steam dragon scales
rPois   .          Reflect  .   (no helmet)
rElec   .          Harm     .   w - +1 cloak
rCorr   .          Rampage  .   x - +0 pair of gloves
Will    .....                   (no boots)
Stlth   ++........              L - amulet of regeneration
HPRegen 1.05/turn               f - ring of wizardry
MPRegen 0.14/turn               y - +4 ring of evasion

@: studying Summonings
A: walk on water
a: Renounce Religion, Smiting, Recall Orcish Followers, Give Item to Named
Follower


You were in an ice cave.
You worshipped Beogh.
Beogh was extremely pleased with you.
You visited 3 branches of the dungeon, and saw 10 of its levels.
You also visited: Sewer and Ice Cave.

You collected 604 gold pieces.

Inventory:

Hand Weapons
 a - a +2 war axe of freezing (weapon)
 I - a +4 flail
 M - a +0 spear
 S - a +0 halberd
 T - a +0 halberd
 U - a +0 spear
 V - a +0 halberd
Missiles
 G - 9 javelins
Armour
 w - a +1 cloak (worn)
 x - a +0 pair of gloves (worn)
 J - +0 steam dragon scales (worn)
 K - a +0 buckler (worn)
Jewellery
 f - a ring of wizardry (left hand)
 y - a +4 ring of evasion (right hand)
 L - an amulet of regeneration (around neck)
 N - a ring of positive energy
Wands
 t - a wand of paralysis (17)
 z - a wand of flame (52)
 B - a wand of digging (7)
 C - a wand of roots (16)
 H - a wand of mindburst (18)
 Q - a wand of quicksilver (10)
Scrolls
 b - a scroll of noise {unknown}
 d - 2 scrolls of torment {unknown}
 e - 2 scrolls of vulnerability {unknown}
 h - 2 scrolls of enchant armour {unknown}
 i - 2 scrolls of fear {unknown}
 j - 4 scrolls of fog {unknown}
 m - a scroll of brand weapon {unknown}
 p - a scroll of amnesia {unknown}
 q - a scroll of summoning {unknown}
 u - a scroll of enchant weapon {unknown}
 A - 5 scrolls of teleportation {unknown}
 D - a scroll of magic mapping {unknown}
 R - a scroll of silence {unknown}
Potions
 c - 3 potions of ambrosia
 g - a potion of might
 k - 4 potions of curing
 l - 2 potions of flight
 n - 2 potions of attraction {unknown}
 o - a potion of invisibility {unknown}
 r - a potion of brilliance
 s - 2 potions of resistance
 v - 3 potions of haste
 E - a potion of heal wounds {unknown}
 F - 2 potions of berserk rage
 O - a potion of magic {unknown}
 P - a potion of mutation {unknown}


   Skills:
 + Level 10.2 Fighting
 * Level 14.9 Axes
 - Level 2.4 Dodging
 - Level 1.5 Stealth
 - Level 4.0 Shields
 - Level 6.0 Invocations


You had 9 spell levels left.
You didn't know any spells.
Your spell library contained the following spells:

 Spells                   Type           Power      Damage    Failure   Level
 Magic Dart               Conj           0%         1d3       19%         1
 Poisonous Vapours        Pois/Air       0%         N/A       28%         2
 Searing Ray              Conj           0%         2d4       28%         2
 Dazzling Flash           Conj/Hex       0%         N/A       47%         3
 Gell's Gravitas          Tloc           0%         N/A       47%         3
 Lesser Beckoning         Tloc           0%         N/A       47%         3
 Teleport Other           Tloc           0%         N/A       47%         3
 Corpse Rot               Necr/Pois/Air  0%         N/A       86%         4
 Fulminant Prism          Conj/Hex       0%         3d6       86%         4
 Agony                    Necr           0%         N/A       99%         5
 Silence                  Hex/Air        0%         N/A       99%         5


Dungeon Overview and Level Annotations

Branches:
Dungeon (8/15)             Temple (1/1) D:5            Lair (1/5) D:8
  Sewer (visited)           IceCv (1/1)

Altars:
Ashenzari
Gozag
Hepliaklqana
Makhleb
Ru
Trog
Xom
Yredelemnul
Zin

Shops:
D:1 :   D:4 (

Portals:
Gauntlet: Lair:1

Annotations:
D:1 Walk on water down in the bayou!


Message History

You slash the cane toad simulacrum!
The cane toad simulacrum is severely damaged.
Olfrun hits the cane toad simulacrum from afar with a +0 trident!
The cane toad simulacrum vaporises!
Beogh accepts your kill.
You swap places.
There is a frozen archway here.
The world spins around you as you enter the gateway.
You enter an ice cave!
Found an ice covered gate leading back out of this place.
There is an ice choked empty arch of ancient stone here.
A great orb of eyes simulacrum comes into view.
The great orb of eyes simulacrum moves out of view.
Okay, then.
A great orb of eyes simulacrum comes into view.
You hit the great orb of eyes simulacrum.
The great orb of eyes simulacrum is lightly damaged.
The great orb of eyes simulacrum bites you!
The great orb of eyes simulacrum freezes you!!
You slash the great orb of eyes simulacrum!
The great orb of eyes simulacrum is heavily damaged.
The great orb of eyes simulacrum barely misses you.
You slash the great orb of eyes simulacrum!
The great orb of eyes simulacrum is severely damaged.
You hit the great orb of eyes simulacrum but do no damage.
The great orb of eyes simulacrum is severely damaged.
The great orb of eyes simulacrum barely misses you.
You hit the great orb of eyes simulacrum.
The great orb of eyes simulacrum is almost destroyed.
You hit the great orb of eyes simulacrum but do no damage.
The great orb of eyes simulacrum is almost destroyed.
The great orb of eyes simulacrum bites you!
The great orb of eyes simulacrum freezes you!!
* * * LOW HITPOINT WARNING * * *
You hit the great orb of eyes simulacrum.
The great orb of eyes simulacrum is almost destroyed.
The great orb of eyes simulacrum bites you.
* * * LOW HITPOINT WARNING * * *
The great orb of eyes simulacrum freezes you!!
You die...

.# ...### #
#.....### ###..
#.....#####....
#Z@.Z.....#
####...####
##.## ##.##
##...## #..∩..#
##.∩.## #####


You could see 2 great orb of eyes simulacra.

Vanquished Creatures
  Maggie (D:6)
  A troll (D:7)
  A wyvern (D:7)
  Grum (D:8)
  3 steam dragons
  Menkaure (D:6)
  An ice beast (D:7)
  A sky beast (D:6)
  2 ogres (D:5)
  6 wolves
  A centaur (D:5)
  3 scorpions
  4 bullfrogs
  3 killer bees (D:7)
  4 electric eels (D:8)
  2 howler monkeys
  2 orc priests
  A jelly (D:6)
  A gnoll bouda (D:8)
  3 hounds
  6 orc wizards
  3 iguanas
  9 gnolls
  10 adders
  2 river rats (Sewer)
  4 worms
  4 dart slugs
  23 orcs
  5 endoplasms
  2 giant cockroaches
  5 goblins
  2 hobgoblins
  3 jackals (D:3)
  3 quokkas
  16 ball pythons
  3 frilled lizards
  8 kobolds
  36 rats
186 creatures vanquished.

Vanquished Creatures (collateral kills)
  An unseen horror (D:8)
  2 hornets (D:7)
  A water moccasin (D:7)
  A sky beast (D:7)
  A black bear (D:7)
  A wolf (D:7)
  A bullfrog (D:7)
  A cane toad simulacrum (Lair:1)
  2 scorpions
  3 killer bees (D:7)
  2 orc priests
  2 hounds (D:7)
  A jelly (D:5)
  2 orc wizards (D:7)
  2 gnolls (D:7)
  3 white imps
  2 orcs
28 creatures vanquished.

Vanquished Creatures (others)
  An orc warrior (D:6)
  An orc priest (D:3)
  An orc wizard (D:3)
  2 orcs
  16 fungi (D:6)
  3 plants (D:5)
24 creatures vanquished.

Grand Total: 238 creatures vanquished

Notes
Turn   | Place    | Note
-------+----------+-------------------------------------------
     0 | D:1      | avis the Hill Orc Monk began the quest for the Orb.
     0 | D:1      | Reached XP level 1. HP: 19/19 MP: 1/1
   173 | D:1      | Found Noon's Vocational Training.
   864 | D:2      | Reached XP level 2. HP: 22/27 MP: 2/2
  1170 | D:2      | Reached skill level 5 in Axes
  1170 | D:2      | Reached XP level 3. HP: 6/33 MP: 3/3
  1526 | D:2      | Found a faded altar of an unknown god.
  1648 | D:2      | Found an opulent altar of Gozag.
  2051 | D:3      | Reached XP level 4. HP: 30/41 MP: 4/4
  2336 | D:3      | Reached skill level 6 in Axes
  2450 | D:3      | Became a worshipper of Beogh the Brigand
  2450 | D:3      | Reached * piety under Beogh
  2450 | D:3      | Reached ** piety under Beogh
  2688 | D:3      | Noticed a scorpion
  2713 | D:3      | Killed a scorpion
  2714 | D:3      | Reached skill level 5 in Fighting
  2714 | D:3      | Reached XP level 5. HP: 23/48 MP: 5/5
  3256 | D:3      | Reached skill level 7 in Axes
  3256 | D:3      | Reached skill level 1 in Invocations
  3256 | D:3      | Reached XP level 6. HP: 56/56 MP: 5/7
  3730 | D:4      | Found Aneass's Weapon Emporium.
  4430 | D:5      | Entered Level 5 of the Dungeon
  4445 | D:5      | Reached skill level 8 in Axes
  4445 | D:5      | Reached *** piety under Beogh
  4472 | D:5      | Found a staircase to the Ecumenical Temple.
  4479 | Temple   | Entered the Ecumenical Temple
  4643 | D:5      | Reached XP level 7. HP: 62/62 MP: 9/9
  4649 | D:5      | Found a glowing drain.
  4658 | Sewer    | Entered a sewer
  4959 | Sewer    | Reached **** piety under Beogh
  4960 | Sewer    | Reached skill level 9 in Axes
  5184 | D:5      | Reached XP level 8. HP: 36/71 MP: 11/11
  5720 | D:5      | Found a shimmering altar of Xom.
  5906 | D:6      | Reached skill level 10 in Axes
  6010 | D:6      | Reached skill level 5 in Invocations
  6108 | D:6      | Noticed Maggie
  6114 | D:6      | Killed Maggie
  6415 | D:6      | Reached skill level 11 in Axes
  6579 | D:6      | Reached skill level 1 in Shields
  6579 | D:6      | Reached XP level 9. HP: 73/80 MP: 13/13
  6714 | D:6      | Noticed Menkaure
  6719 | D:6      | Killed Menkaure
  6719 | D:6      | Gained Olfrun as an ally
  7564 | D:7      | Reached skill level 12 in Axes
  7778 | D:7      | Noticed a hornet
  7785 | D:7      | Killed a hornet
  7855 | D:7      | Found a burning altar of Makhleb.
  8262 | D:7      | Reached skill level 13 in Axes
  8454 | D:8      | Found a hazy altar of Hepliaklqana.
  8454 | D:8      | Found a sacrificial altar of Ru.
  8484 | D:8      | Found a staircase to the Lair.
  8484 | D:8      | Noticed a troll
  8497 | D:8      | Noticed a hornet
  8498 | D:8      | Paralysed by a hornet for 1 turns
  8505 | D:7      | Killed a hornet
  8506 | D:7      | Reached XP level 10. HP: 72/91 MP: 14/14
  8557 | D:8      | Reached skill level 14 in Axes
  8876 | D:8      | Noticed Grum
  8880 | D:8      | Reached ***** piety under Beogh
  8882 | D:8      | Reached skill level 10 in Fighting
  8888 | D:8      | Killed Grum
  8933 | D:8      | Killed an unseen horror
  9344 | Lair:1   | Entered Level 1 of the Lair of Beasts
  9344 | Lair:1   | Found a frozen archway.
  9344 | Lair:1   | Found a gate leading to a gauntlet.
  9353 | IceCv    | Entered an ice cave
  9366 | IceCv    | Demolished by a great orb of eyes simulacrum

Illustrated notes

Levels and vault maps discovered:
D:1:      kilobyte_arrival_exit_the_forest, layout_loops_cross,
          nicolae_shop_vocational
D:2:      layout_basic, serial_corexii_hall, corexii_hall_statues_deadend,
          chequers_hall_statues_y, basic_altar, ebering_ecumenical_altar_hall
D:3:      minmay_inner_zag, layout_rooms
D:4:      layout_rooms, serial_shops, nicolae_shop_waterfront
D:5:      layout_rooms, old_standard_altar, minmay_temple_entry_gardened_gates,
          portal_sewer_entry_d, minmay_crossroads
D:6:      kennysheep_steamy, layout_loops_ring, serial_rivers,
          chequers_serial_rivers_micro_b, chequers_serial_rivers_room_a,
          chequers_serial_rivers_small_3, chequers_serial_rivers_room_a,
          chequers_serial_rivers_room_a, uniq_maggie, uniq_menkaure
D:7:      layout_gridville, mainiacjoe_overflow_surrounded_room,
          minmay_misc_feat_rugged
D:8:      layout_basic, grunt_temple_overflow_open, erik_lair_island, uniq_grum
Temple:   hellmonk_temple_of_storms
Lair:1:   layout_hall_layers, special_room [special_room_bee],
          gauntlet_entry_generic, portal_ice_cave_entry_ice_simulacra,
          grunt_megastairs_2
IceCv:    ice_cave_hellmonk_azure_passage

Skill      XL: |  1  2  3  4  5  6  7  8  9 10 |
---------------+-------------------------------+-----
Fighting       | 4 5 6 7 9 10 | 10.2
Axes           | 5 6 7 8 9 11 13 14 | 14.9
Invocations    | 1 2 4 6 |  6.0
Shields        | 1 4 |  4.0
Dodging        | |  2.4
Stealth        | |  1.5

Action                   |  1- 3 |  4- 6 |  7- 9 | 10-12 || total
-------------------------+-------+-------+-------+-------++-------
Melee: Hand axe          |    93 |   169 |       |       ||   262
       Punch             |     1 |     3 |     3 |       ||     7
       War axe           |       |    47 |   183 |    70 ||   300
 Fire: Sling             |    22 |    22 |    42 |       ||    86
Invok: Convert to Beogh  |       |     1 |       |       ||     1
       Recall Orcish Fol |       |       |     5 |     1 ||     6
       Stop Recall       |       |       |     1 |     1 ||     2
       Give Item to Name |       |       |       |     1 ||     1
Evoke: Wand              |       |       |    14 |       ||    14
  Use: Scroll            |       |     4 |     3 |       ||     7
       Potion            |       |       |     1 |       ||     1
 Stab: Sleeping          |     1 |       |     3 |       ||     4
       Distracted        |       |       |     2 |     2 ||     4
Armor: Ring mail         |     8 |       |       |       ||     8
       Scale mail        |    36 |    65 |       |       ||   101
       Chain mail        |       |    18 |    52 |       ||    70
       Steam dragon scal |       |       |    27 |    17 ||    44
Dodge: Dodged            |    38 |   124 |   150 |    58 ||   370
Block: Buckler           |       |       |    16 |    21 ||    37
